 Dungeon Crawl Stone Soup version 0.27.0-1-g7a089689b8 (webtiles) character file.

Game seed: 11643841962314932224

70 sasquatch the Slasher (level 4, -4/39 HPs)
             Began as a Minotaur Fighter on Aug 8, 2021.
             Killed from afar by Sigmund (14 damage)
             ... with a puff of flame
             ... on level 3 of the Dungeon.
             The game lasted 00:04:32 (2538 turns).

sasquatch the Slasher (Minotaur Fighter)            Turns: 2538, Time: 00:04:33

Health: -4/39      AC:  6    Str: 21    XL:     4   Next: 4%
Magic:  3/3        EV:  7    Int:  5    God:
Gold:   77         SH:  0    Dex: 10    Spells: 3/3 levels left

rFire    . . .     SeeInvis .   q - +2 dagger (elec)
rCold    . . .     Faith    .   c - +0 kite shield
rNeg     . . .     Spirit   .   p - +0 scale mail
rPois    .         Reflect  .   (helmet restricted)
rElec    .         Harm     .   (no cloak)
rCorr    .         Rampage  .   (no gloves)
Will     .....                  (no boots)
Stlth    ..........             (no amulet)
HPRegen  0.13/turn              (no ring)
MPRegen  0.08/turn              (no ring)

@: confused
A: horns 2, retaliatory headbutt
a: no special abilities


You were on level 3 of the Dungeon.
You visited 1 branch of the dungeon, and saw 3 of its levels.

You collected 77 gold pieces.

Inventory:

Hand Weapons
 a - a +0 long sword
 b - a +1 dagger of venom
 q - a +2 dagger of electrocution (weapon)
Missiles
 h - 6 silver javelins (quivered)
Armour
 c - a +0 kite shield (worn)
 p - a +0 scale mail (worn)
Jewellery
 g - a ring of fire
 s - a +6 ring of dexterity
Scrolls
 e - a scroll of enchant armour {unknown}
 f - 4 scrolls of identify {unknown}
 i - a scroll of torment {unknown}
 j - a scroll of blinking {unknown}
 k - a scroll of fog {unknown}
 l - a scroll of fear {unknown}
 m - a scroll of vulnerability {unknown}
 n - a scroll of immolation {unknown}
 o - a scroll of teleportation {unknown}
Potions
 d - 2 potions of might
 r - a potion of mutation {unknown}


   Skills:
 - Level 3.6 Fighting
 + Level 5.3 Long Blades
 - Level 3.6 Armour
 - Level 3.6 Shields


You had 3 spell levels left.
You didn't know any spells.
Your spell library was empty.

Dungeon Overview and Level Annotations

Branches:
Dungeon (3/15)

Altars:

Shops:
D:1 !*=[*   D:2 =

Annotations:
D:3 Sigmund


Innate Abilities, Weirdness & Mutations

You have a pair of horns on your head.
You reflexively headbutt those who attack you in melee.


Message History

Sigmund completely misses you.
You escape the ball python's grasp.
Sigmund says, "Now you see me, now you don't..."
You block Sigmund's attack.
The ball python bites you but does no damage.
The ball python grabs you. The ball python constricts you.
You hit Sigmund.
Sigmund is poisoned.
Sigmund is lightly wounded.
You kill the ball python!
You block Sigmund's attack.
You closely miss Sigmund. Your headbutt misses Sigmund.
Sigmund is lightly wounded.
Sigmund hits you with a +2 vampiric scythe!
You hit Sigmund. Your headbutt misses Sigmund.
Sigmund is moderately wounded.
Sigmund casts a spell.
Sigmund flickers and vanishes!
Deactivating autopickup; reactivate with Ctrl-A.
Your +1 dagger of venom stops dripping with poison.
a - a +0 long sword (weapon)
You hear some strange, mumbled words.
A puff of flame appears from out of thin air!
The puff of flame hits you.
You hear the crackle of electricity.
q - a +2 dagger of electrocution (weapon)
You miss something.
You hear some strange, mumbled words.
You are confused.
Something hits you. Something hits you.
You closely miss something. Your headbutt misses something.
You hear some strange, mumbled words.
Something tries to affect you, but you resist.
You bump into the rock wall.
Something hits you!
* * * LOW HITPOINT WARNING * * *
You barely miss something.
You hear some strange, mumbled words.
A puff of flame appears from out of thin air!
The puff of flame hits you!
You die...

..# #[# # #.##
#. ...# #. #.
#..####
$..##.##.....
#.>......###..#
#...@{.....#
###.#####.##
###.# #...#
#.### #.# #)#
#<# #.#


There were no monsters in sight!

Vanquished Creatures
  A worm (D:2)
  A dart slug (D:1)
  2 orcs
  6 ball pythons
  7 endoplasms
  4 giant cockroaches
  3 goblins (D:1)
  6 hobgoblins
  8 jackals (D:1)
  3 bats
  2 frilled lizards (D:1)
  8 kobolds
  5 rats
56 creatures vanquished.

Notes
Turn   | Place    | Note
-------+----------+-------------------------------------------
     0 | D:1      | sasquatch the Minotaur Fighter began the quest for the Orb.
     0 | D:1      | Reached XP level 1. HP: 19/19 MP: 0/0
     0 | D:1      | Found Coppys Via's Assorted Antiques.
   191 | D:1      | Reached skill level 3 in Long Blades
   225 | D:1      | Reached XP level 2. HP: 12/26 MP: 1/1
   445 | D:1      | Found Syudaiss's Armour Emporium.
   543 | D:1      | Reached skill level 4 in Long Blades
   953 | D:1      | Reached XP level 3. HP: 31/31 MP: 2/2
  1125 | D:1      | Found Gyen's Assorted Antiques.
  1125 | D:1      | Found Yguivelu's Distillery.
  1185 | D:1      | Found a faded altar of an unknown god.
  1232 | D:1      | Found Xihy's Jewellery Boutique.
  1685 | D:2      | Found Luarous's Jewellery Emporium.
  1816 | D:2      | Reached skill level 5 in Long Blades
  2381 | D:2      | Reached XP level 4. HP: 23/39 MP: 3/3
  2523 | D:3      | Noticed Sigmund
  2538 | D:3      | Killed from afar by Sigmund

Illustrated notes

Levels and vault maps discovered:
D:1:      lightli_arrival_statuegarden, layout_loops_corners,
          ebering_ecumenical_altar_rust, serial_shops, shop, shop,
          nicolae_lakefront_shop, shop, nicolae_shop_statue_plus
D:2:      layout_basic, serial_shops, shop_fountains, guppyfry_early_lair_pool
D:3:      layout_loops_ring, uniq_sigmund

Skill      XL: |  1  2  3 |
---------------+----------+-----
Long Blades    | 3 4 5 |  5.3
Fighting       | |  3.6
Armour         | |  3.6
Shields        | |  3.6

Action                   |  1- 3 |  4- 6 || total
-------------------------+-------+-------++-------
Melee: Long sword        |    96 |       ||    96
       Headbutt          |    17 |       ||    17
       Dagger            |    22 |    10 ||    32
Armor: Scale mail        |    48 |     2 ||    50
Dodge: Dodged            |    38 |     1 ||    39
Block: Kite shield       |    59 |     5 ||    64
       Rpst.: Long sword |     9 |       ||     9
